Noisytoot, chaotic female human Wizard ---- -- --..| -.---- ----- |...-- .....-- -----...------....---.......--------- |...................................| |..........--.....................| - -- |.......%....`......| -- ...-- ---................--- ---- |...%)<....).......| --....----.---..---.- |.....| --- ...- --...-| -... -- -- --.%..| .... |...........-- .-.- |............-- .. | ---..........)---- .-- --.....----....--- .----- | ----------...I@...............| |........h.....[...........-- -- -- ------------------------ Noisytoot the Conjurer Experience level: 5 Strength: 11 Dexterity: 13 Constitution: 13 Intelligence: 18 Wisdom: 13 Charisma: 10 Health: 0(30) Energy: 1(46) Def: 3 Gold: 329 Moves: 3157 Dungeon seed: 3GtMWjyrh5fkLnHU Game ID: Noisytoot_1685725780 Your Inventory: Coins $ - 329 gold pieces Weapons a - a blessed +1 quarterstaff (weapon in hands) H - 6 +0 daggers Armor e - an uncursed +0 cloak of magic resistance (being worn) y - an uncursed +0 dwarvish cloak z - an uncursed +0 pair of iron shoes (being worn) N - a blessed +0 dwarvish cloak T - an uncursed +0 mummy wrapping Y - an uncursed +0 pair of iron shoes Comestibles o - an uncursed cream pie B - an uncursed egg Scrolls i - 3 uncursed scrolls of identify x - an uncursed scroll of fire E - a cursed scroll of destroy armor Z - an uncursed scroll of teleportation Spellbooks k - an uncursed spellbook of force bolt Potions f - an uncursed potion of blindness g - an uncursed potion of enlightenment h - an uncursed potion of sleeping r - an uncursed potion of gain energy C - a blessed potion of sleeping F - an uncursed potion of water Rings c - an uncursed ring of polymorph d - an uncursed +1 ring of adornment Wands b - a wand of magic missile (0:6) j - a wand of polymorph (0:4) Tools l - an uncursed blindfold m - an uncursed towel p - a tinning kit (0:91) w - an uncursed magic whistle D - an uncursed tin whistle R - 5 uncursed wax candles (0:400) U - 3 uncursed tallow candles (0:200) V - a cursed wax candle (0:400) Gems n - an uncursed worthless piece of yellowish brown glass q - 2 uncursed worthless pieces of white glass s - an uncursed worthless piece of yellow glass S - an uncursed chrysoberyl stone W - an uncursed worthless piece of green glass Spells and supernatural/magical abilities: Name Level Category Fail Memory a - force bolt 1 attack 0% 85% k - knock 1 matter 0% 85% W - pray for help -- divine ? -- Your skills at the end: Fighting Skills Weapon Skills quarterstaff [Basic] Spellcasting Skills attack spells [Basic] enchantment spells [Basic] Final Attributes: You were piously aligned. You were poison resistant. You were magic-protected. You were unlucky. You are dead. Vanquished creatures: a dwarf lord a rock piercer 2 shriekers 2 gnome lords a kobold mummy 2 giant ants a floating eye 3 dwarves an acid blob a hobbit a large kobold a giant rat 2 cave spiders 15 gnomes 2 geckos 9 jackals 2 foxes a kobold a goblin 7 grid bugs 4 lichens a kobold zombie 10 newts 71 creatures vanquished. Voluntary challenges: You used a wielded weapon 57 times, starting on turn 1. You read items or engraved 101 times, starting on turn 2310. You never genocided any monsters. You never polymorphed an object. You never changed form. You used no wishes. You never split a pudding. You wrote Elbereth's name 101 times, starting on turn 2310. You never violated your personal moral code. Dungeon overview: The Dungeons of Doom: levels 1 to 5 Level 1 a long staircase Level 2 an altar to Ptah, a fountain Level 3 (shop) a fountain Level 4 an altar to Ptah, some fountains, a sink stairs to The Gnomish Mines Level 5 The Gnomish Mines: levels 5 to 6 Level 5 stairs to The Dungeons of Doom Level 6 <- You were here History has recorded: On T:1 you entered the Dungeons of Doom to retrieve the Amulet of Yendor! On T:133 you reached level 2 of The Dungeons of Doom. On T:445 you reached level 3 of The Dungeons of Doom. On T:1177 you reached level 4 of The Dungeons of Doom. On T:1204 you advanced to experience level 2. On T:1528 you advanced to experience level 3. On T:1818 you reached level 5 of The Dungeons of Doom. On T:1974 you reached level 1 of The Gnomish Mines. On T:2043 you advanced to experience level 4. On T:2813 you advanced to experience level 5. On T:3075 you reached level 2 of The Gnomish Mines. Score breakdown: Gold: 329 ( 8567 points) Experience: 5 levels (11141 points) Exploration: 6 levels ( 11.76%) ( 9486 points) Discoveries: 6 items ( 2.08%) ( 4322 points) Valuables value: (no points given unless you survive) Artifact value: 0 ( 0 points) Variety of kills: 23 monsters ( 6.04%) ( 7370 points) Turncount: 3157 turns ( -675 points) Survival: died (score multiplied by 80%) Total score: 32168 Latest messages: The spell hits the dwarf! You kill the dwarf! The spell hits the gnome! You kill the gnome! Please move the cursor to an unknown object. A corpse on the floor of a room. Please move the cursor to an unknown object. Never mind. You see here a floating eye corpse. This floating eye corpse tastes terrible! You stop eating. It just misses! You hit it. The spell hits it! It hits! (2x) You die... Final status: Goodbye Noisytoot the Wizard, killed by an invisible dwarf lord... You died in The Gnomish Mines on dungeon level 6 with 32168 points, and 329 pieces of gold, after 3157 moves. You were level 5 with a maximum of 30 hit points when you died.